 Dungeon Crawl Stone Soup version 0.28-a0-1227-ga9037bb4c8 (webtiles) character file.

Game seed: 1114739386276425599

336146 bearlyready the Timeless (level 21, -8/166 HPs)
             Began as a Gnoll Air Elementalist on Dec 22, 2021.
             Was a High Priest of Cheibriados.
             Mangled by a vault warden (10 damage)
             ... on level 5 of the Vaults.
             The game lasted 02:02:22 (62914 turns).

bearlyready the Timeless (Gnoll Air Elementalist)  Turns: 62914, Time: 02:02:23

Health: -8/166     AC: 20    Str: 23    XL:     21   Next: 88%
Magic:  16/40      EV: 32    Int: 29    God:    Cheibriados [*****.]
Gold:   1390       SH: 11    Dex: 38    Spells: 21/50 levels left

rFire   + . .      SeeInvis .   a - +2 demon trident (flame)
rCold   + . .      Faith    .   k - +0 buckler
rNeg    + . .      Spirit   .   Y - +1 ring mail of Greed {rC+ Str+3 Dex+4}
rPois   +          Reflect  .   M - +0 helmet
rElec   +          Harm     .   V - +2 cloak of the Swamp {rF+}
rCorr   .          Rampage  .   w - +3 pair of gauntlets of War {Slay+5}
Will    +....                   B - +0 pair of boots
Stlth   +++++++...              G - amulet of magic regeneration
HPRegen 0.37/turn               L - +6 ring of dexterity
MPRegen 0.67/turn               f - ring "Luityxt" {Fly rElec rPois rN+ Dex-2}

@: flying, very slow
A: fangs 1, strong nose, distributed training
}: 2/15 runes: decaying, serpentine
a: Renounce Religion, Bend Time, Temporal Distortion, Slouch, Step From Time


You were on level 5 of the Vaults.
You worshipped Cheibriados.
Cheibriados was extremely pleased with you.
You visited 7 branches of the dungeon, and saw 37 of its levels.
You visited the Abyss 1 time.

You collected 3238 gold pieces.
You spent 1848 gold pieces at shops.

Inventory:

Hand Weapons
 a - a +2 demon trident of flaming (weapon)
 b - the +10 hand crossbow "Backscratcher" {elec, rC+ Str+4}
   (You bought it in a shop on level 2 of the Snake Pit)

   Any ammunition fired from it occasionally discharges a powerful burst of
   electricity upon striking a foe.
   Str:       It affects your strength (+4).
   rC:        It protects you from cold.
Missiles
 d - 5 silver javelins (quivered)
 s - 25 boomerangs
 C - 6 boomerangs of dispersal
 D - 1174 bolts
 H - 10 poisoned darts
 I - 8 javelins
 S - 42 sling bullets
Armour
 k - a +0 buckler (worn)
 w - the +3 pair of gauntlets of War (worn) {Slay+5}
   (You acquired it on level 4 of the Lair of Beasts)

   Slay:      It affects your accuracy & damage with ranged weapons and melee
   (+5).
 B - a +0 pair of boots (worn)
 M - a +0 helmet (worn)
 R - a +0 kite shield
 V - the +2 cloak of the Swamp (worn) {rF+}
   (You found it on level 4 of the Swamp)

   rF:        It protects you from fire.
 Y - the +1 ring mail of Greed (worn) {rC+ Str+3 Dex+4}
   (You found it on level 15 of the Dungeon)

   Str:       It affects your strength (+3).
   Dex:       It affects your dexterity (+4).
   rC:        It protects you from cold.
Jewellery
 f - the ring "Luityxt" (right hand) {Fly rElec rPois rN+ Dex-2}
   (You bought it in a shop on level 2 of the Orcish Mines)

   [ring of positive energy]

   Dex:       It affects your dexterity (-2).
   rElec:     It insulates you from electricity.
   rPois:     It protects you from poison.
   rN:        It protects you from negative energy.
   Fly:       It grants you flight.
 i - a ring of protection from cold
 l - a ring of poison resistance
 y - an amulet of regeneration
 G - an amulet of magic regeneration (around neck)
 L - a +6 ring of dexterity (left hand)
Wands
 t - a wand of polymorph (1)
 x - a wand of mindburst (10)
 F - a wand of acid (4)
 N - a wand of paralysis (13)
 O - a wand of flame (60)
 Q - a wand of digging (35)
 W - a wand of charming (8)
Scrolls
 e - 5 scrolls of enchant weapon
 g - 6 scrolls of magic mapping
 j - 4 scrolls of enchant armour
 n - 4 scrolls of fog
 o - 2 scrolls of teleportation
 r - 4 scrolls of brand weapon
 J - 2 scrolls of holy word
 P - a scroll of silence
Potions
 c - 4 potions of brilliance
 h - 4 potions of magic
 m - 2 potions of curing
 p - 7 potions of attraction
 q - 6 potions of lignification
 z - 12 potions of mutation
 A - 2 potions of might
 E - 6 potions of flight
 K - 3 potions of berserk rage
 T - 2 potions of ambrosia
 U - 4 potions of resistance
 Z - 3 potions of cancellation
Miscellaneous
 u - a box of beasts (inert)
 X - a phial of floods (inert)


   Skills:
 + Level 14.7 Fighting
 + Level 14.7 Short Blades
 + Level 14.7 Long Blades
 + Level 14.7 Axes
 + Level 14.7 Maces & Flails
 + Level 14.7 Polearms
 + Level 14.7 Staves
 + Level 14.7 Slings
 + Level 14.7 Bows
 + Level 14.7 Crossbows
 + Level 14.7 Throwing
 + Level 14.7 Armour
 + Level 15.3 Dodging
 + Level 15.2 Stealth
 + Level 14.7 Shields
 + Level 14.7 Unarmed Combat
 + Level 15.4 Spellcasting
 + Level 12.7 Conjurations
 + Level 12.5 Hexes
 + Level 12.5 Summonings
 + Level 12.5 Necromancy
 + Level 12.5 Translocations
 + Level 12.5 Transmutations
 + Level 12.5 Fire Magic
 + Level 12.5 Ice Magic
 + Level 13.5 Air Magic
 + Level 12.5 Earth Magic
 + Level 12.5 Poison Magic
 + Level 15.9 Invocations
 + Level 14.7 Evocations


You had 21 spell levels left.
You knew the following spells:

 Your Spells              Type           Power      Damage    Failure   Level
a - Shock                 Conj/Air       100%       1d9       0%          1
b - Frozen Ramparts       Ice            100%       1d12      1%          3
c - Apportation           Tloc           100%       N/A       1%          1
d - Airstrike             Air            39%        N/A       1%          4
e - Animate Skeleton      Necr           100%       N/A       1%          1
f - Borgnjor's Vile Clut  Necr/Erth      38%        N/A       1%          5
g - Death Channel         Necr           38%        N/A       2%          6
h - Starburst             Conj/Fire      38%        6d11      2%          6
i - Blink                 Tloc           100%       N/A       1%          2

Your spell library contained the following spells:

 Spells                   Type           Power      Damage    Failure   Level
 Magic Dart               Conj           100%       1d8       0%          1
 Slow                     Hex            100%       N/A       1%          1
 Sting                    Tmut/Pois      100%       1d8       1%          1
 Summon Small Mammal      Summ           100%       N/A       1%          1
 Call Imp                 Summ           76%        N/A       1%          2
 Corpse Rot               Necr/Air       100%       N/A       1%          2
 Poisonous Vapours        Pois/Air       100%       N/A       1%          2
 Static Discharge         Conj/Air       78%        N/A       1%          2
 Call Canine Familiar     Summ           76%        N/A       1%          3
 Confusing Touch          Hex            76%        N/A       1%          3
 Conjure Flame            Conj/Fire      77%        6-21      1%          3
 Dazzling Flash           Conj/Hex       100%       N/A       1%          3
 Ignite Poison            Fire/Tmut/Pois 76%        N/A       1%          3
 Inner Flame              Hex/Fire       76%        N/A       1%          3
 Lesser Beckoning         Tloc           76%        N/A       1%          3
 Mephitic Cloud           Conj/Pois/Air  78%        N/A       1%          3
 Summon Guardian Golem    Hex/Summ       76%        N/A       1%          3
 Swiftness                Air            79%        N/A       1%          3
 Animate Dead             Necr           38%        N/A       1%          4
 Cause Fear               Hex            38%        N/A       1%          4
 Fulminant Prism          Conj/Hex       38%        3d18      1%          4
 Ice Form                 Ice/Tmut       76%        N/A       1%          4
 Iskenderun's Mystic Bla  Conj/Tloc      77%        2d15      1%          4
 Olgreb's Toxic Radiance  Pois           76%        N/A       1%          4
 Sticky Flame             Conj/Fire      77%        2d9       1%          4
 Summon Ice Beast         Ice/Summ       76%        N/A       1%          4
 Summon Lightning Spire   Summ/Air       78%        N/A       1%          4
 Fireball                 Conj/Fire      38%        3d16      1%          5
 Freezing Cloud           Conj/Ice/Air   39%        6-21      1%          5
 Iskenderun's Battlesphe  Conj           77%        2d13      1%          5
 Lee's Rapid Deconstruct  Erth           38%        3d20*     1%          5
 Manifold Assault         Tloc           76%        N/A       1%          5
 Summon Forest            Summ/Tloc      38%        N/A       1%          5
 Summon Mana Viper        Hex/Summ       76%        N/A       1%          5
 Yara's Violent Unravell  Hex/Tmut       38%        3d15      1%          5
 Conjure Ball Lightning   Conj/Air       39%        3x3d13    1%          6
 Storm Form               Tmut/Air       39%        N/A       12%         7
 Monstrous Menagerie      Summ           38%        N/A       14%         7
 Orb of Destruction       Conj           38%        9d13      14%         7
 Spellforged Servitor     Conj/Summ      38%        N/A       14%         7
 Maxwell's Capacitive Co  Air            39%        ∞         58%         8
 Discord                  Hex            38%        N/A       75%         8
 Ignition                 Fire           38%        3d11      75%         8


Dungeon Overview and Level Annotations

Branches:
Dungeon (15/15)            Temple (1/1) D:6            Lair (6/6) D:11
  Swamp (4/4) Lair:2        Snake (4/4) Lair:4        Slime (0/5) Lair:5
    Orc (2/2) D:12            Elf (0/3) Orc:2        Vaults (5/5) D:14
  Crypt (0/3) Vaults:3     Depths (0/4) D:15

Altars:
Ashenzari
Cheibriados
Dithmenos
Elyvilon
Fedhas
Gozag
Hepliaklqana
Kikubaaqudgha
Makhleb
Nemelex Xobeh
Okawaru
Ru
Sif Muna
Trog
Uskayaw
Vehumet
Wu Jian
Xom
Yredelemnul
Zin
The Shining One
Jiyva

Shops:
D:1 *   D:3 =   Orc:2 [(!=   Snake:1 :   Snake:2 [(   Snake:3 *   Vaults:1 (
Vaults:2 (   Vaults:4 :

Portals:
Hell: Lair:6
Trove: D:11 (give 2 scrolls of acquirement)

Annotations:
D:14 3 runed translucent doors, Jeschemp's ghost, journeyman MiBe
Lair:3 3 runed translucent doors, Cylichiu's ghost, journeyman PaFi
Lair:6 exclusion: 2 oklob plants
Vaults:4 exclusion: obsidian statue


Innate Abilities, Weirdness & Mutations

You have very sharp teeth.
Your uncanny sense of smell can sniff out nearby items.
Your experience applies equally to all skills.


Message History

Okay, then.
Casting: Airstrike (safe; 1% risk of failure)
Confirm with . or Enter, or press ? or * to list all spells.
Aiming: Borgnjor's Vile Clutch (mildly dangerous; 1% risk of failure)
Press: ? - help, Shift-Dir - straight line, f/p - vault warden
Aim: a vault warden, wielding a +0 long sword, wearing a +0 chain mail and wearing a +0 kite shield (moderately wounded, 100% to hit)
Zombie hands grab the vault warden.
The zombie hands constrict the vault warden, but do no damage.
The vault warden barely misses you.
Aim the phial where?
Press: ? - help, Shift-Dir - straight line, f/p - vault warden
Aim: a vault warden, wielding a +0 long sword, wearing a +0 chain mail and wearing a +0 kite shield (moderately wounded, constricted by zombie hands)
The vault warden blocks the torrent of water.
The wave splashes down.
The vault warden is engulfed in water.
The zombie hands constrict the vault warden!
You hear a shout! x9; You hear a deafening roar!
You hear a shout! x17
You hear a roar!
You hear a shout! x2
The vault warden hits you with a +0 long sword!!
* * * LOW HITPOINT WARNING * * *
That's the wrong kind of item! (Use * to select it.) Evoke which item? (* to show all) (? for menu, Esc to quit)
Aiming: Paralyse
Press: ? - help, Shift-Dir - straight line, f/p - vault warden
Aim: a vault warden, wielding a +0 long sword, wearing a +0 chain mail and wearing a +0 kite shield (moderately wounded, constricted by zombie hands, waterlogged, chance to affect: 46%)
Okay, then.
Unknown command.
Unknown command.
Okay, then.
You step out of the flow of time.
You return to the normal time flow.
Cheibriados lowers the support of your attributes as your movement quickens.
A deep elf annihilator, a deep elf sorcerer, a vault warden and an ironbound convoker come into view.
The deep elf sorcerer is wielding a staff of cold.
The vault guard shouts!
The vault sentinel shouts!
The ironbound convoker shouts!
The deep elf sorcerer shouts!
The vault warden shouts!
You hear a shout!
The ironbound convoker casts a spell at the vault guard.
The vault guard shouts!
The vault guard seems to grow stronger.
The vault warden hits you with a +3 great sword!
You die...

.... #....#..# ....
#....#..# ...# .
#....#..# |?## ..
#..(.#..# .## ...
#.)e.#..#####. ##
...!#e.(.#)........
.$.[p.[.[....p.....
###..[p[pp.########
....[[<@[[[p.....
.....<[[<.p......
......<<.[.......
.......[.)[......
###....[..[######
#.......[.
#.##..$.#.#) .#
#....##.#. #....#
#.##


You could see 3 vault wardens, 2 vault guards, a deep elf annihilator
(wandering), a deep elf sorcerer, a vault sentinel and an ironbound convoker.

Vanquished Creatures
  Nikola (Swamp:1)
  A tentacled monstrosity (Swamp:4)
  Mlioglotl (Swamp:1)
  2 sphinxes
  A tentacled starspawn (Abyss:4)
  2 storm dragons (Vaults:4)
  A tengu reaver (Vaults:3)
  A fenstrider witch (Swamp:2)
  The ghost of Urghud the Bludgeoner, a journeyman MiBe of Trog (Swamp:3)
  A fire giant (Vaults:4)
  The ghost of Fuubb the Unseen, an adept OpMo of Dithmenos (Swamp:4)
  A deep elf sorcerer (Vaults:3)
  2 nagarajas (Snake:4)
  Louise (Swamp:1)
  A frost giant (Vaults:4)
  11 vault wardens
  2 ghouls (Swamp:2)
  15 ironbound preservers
  5 ironbound thunderhulks
  A war gargoyle (Vaults:3)
  5 stone giants
  11 very ugly things
  An entropy weaver (Vaults:4)
  6 eleionomae
  A deep elf annihilator (Vaults:4)
  6 bunyips
  5 dire elephants (Vaults:1)
  An eidolon (Vaults:3)
  2 deep elf high priests (Vaults:5)
  2 shambling mangroves
  A crystal guardian (Vaults:4)
  A fire dragon (D:15)
  4 yaktaur captains
  2 great orbs of eyes
  2 boulder beetles (D:15)
  32 hydras
  2 ghost crabs
  12 naga warriors
  A peacekeeper (Vaults:4)
  A catoblepas (Lair:3)
  An ice dragon (Swamp:4)
  An ogre mage (D:15)
  A salamander tyrant (Snake:4)
  A death knight (D:13)
  29 vault guards
  8 ironbound frosthearts
  2 dancing weapons (D:14)
  13 centaur warriors
  6 anacondas
  3 death yaks
  2 vampire magi
  9 alligators
  6 shock serpents
  6 two-headed ogres
  A spriggan berserker (Swamp:3)
  5 tengu warriors
  A thrashing horror (Abyss:3)
  17 naga sharpshooters
  Sonja (Lair:1)
  A hell knight (Vaults:3)
  2 orc high priests (Orc:1)
  14 spriggans
  A goliath frog (Swamp:3)
  9 large abominations
  5 salamander mystics (Snake:4)
  6 naga ritualists
  A sixfirhy (Lair:6)
  11 swamp dragons
  5 bog bodies
  4 spriggan druids
  41 deep trolls
  A glowing orange brain (Vaults:1)
  9 wizards
  7 harpies
  10 ironbound convokers
  2 phantasmal warriors
  9 orc knights
  A necromancer (Vaults:4)
  An oklob plant (Lair:6)
  8 mana vipers
  2 deep elf pyromancers
  4 lindwurms (Vaults:2)
  20 ugly things
  2 orc sorcerers
  7 cyclopes
  18 salamanders
  6 elephants
  4 manticores
  A stone giant skeleton (Vaults:4)
  A moth of wrath (Swamp:3)
  A black mamba (shapeshifter) (D:13)
  14 naga magi
  33 black mambas
  A water nymph (shapeshifter) (Vaults:4)
  A molten gargoyle (Lair:6)
  A guardian serpent (Snake:4)
  Maurice (D:10)
  19 vault sentinels
  An eye of devastation (shapeshifter) (Vaults:1)
  An orange demon (Lair:6)
  A smoke demon (Lair:6)
  A gargoyle (D:13)
  2 unseen horrors
  Maggie (D:9)
  2 kobold demonologists (D:11)
  15 komodo dragons
  11 yaktaurs
  4 rime drakes
  16 cane toads
  A freezing wraith (Vaults:3)
  3 red devils
  An ancient zyme (Abyss:2)
  2 tengu conjurers
  2 ice devils (Lair:6)
  3 meliai (D:15)
  11 trolls
  3 polar bears
  A bloated husk (Swamp:2)
  2 merfolk (D:13)
  Prince Ribbit (D:9)
  13 hornets
  4 tyrant leeches
  Grinder (D:6)
  8 dream sheep
  8 raiju (Abyss:2)
  4 small abominations
  31 blink frogs
  An ettin zombie (Vaults:4)
  A redback (shapeshifter) (D:13)
  29 slime creatures
  3 shadows
  5 wraiths
  A redback (Vaults:4)
  2 wyverns
  Sigmund (D:6)
  38 yaks
  A fire elemental (Lair:6)
  4 basilisks
  A neqoxec (Abyss:2)
  A ynoxinul (Abyss:3)
  Eustachio (D:6)
  5 hogs (Snake:2)
  9 vampire mosquitoes
  2 steam dragons
  2 wargs
  12 swamp worms
  48 nagas
  A two-headed ogre zombie (D:12)
  3 acid dragons
  7 hell hounds
  A floating eye (Lair:6)
  21 water moccasins
  9 swamp drakes
  3 ice beasts
  2 black bears
  2 sky beasts
  45 orc warriors
  The ghost of hgbash the Skirmisher, an amateur PaMo (D:3)
  A necrophage (Swamp:2)
  14 wolves
  A boggart (D:15)
  33 centaurs
  10 ogres
  A phantom (D:6)
  16 bullfrogs
  2 kobold brigands
  3 gnoll sergeants
  7 scorpions
  A water moccasin skeleton (D:3)
  2 troll zombies (D:12)
  3 howler monkeys
  5 starcursed masses (Abyss:4)
  3 centaur zombies
  2 bullfrog zombies
  3 hounds
  16 orc priests
  A bullfrog skeleton (D:6)
  5 centaur skeletons
  3 iguanas
  Natasha (thrice) (D:2)
  29 orc wizards
  A hell rat (Lair:6)
  5 ogre zombies (D:12)
  A hound skeleton (D:4)
  A howler monkey zombie (D:3)
  A howler monkey skeleton (D:4)
  12 adders
  14 gnolls
  A shadow imp (D:6)
  3 white imps
  An ufetubus (Temple)
  85 orcs
  14 endoplasms
  3 giant cockroaches
  5 goblins
  5 hobgoblins
  A quokka (D:4)
  8 ball pythons
  7 bats
  3 frilled lizards
  3 goblin skeletons
  4 goblin zombies (D:12)
  2 hobgoblin skeletons (D:12)
  2 hobgoblin zombies (D:12)
  A jackal zombie (D:6)
  10 kobolds
  2 orc skeletons (D:12)
  13 orc zombies (D:12)
  6 rats
  2 butterflies (Lair:1)
1343 creatures vanquished.

Vanquished Creatures (collateral kills)
  Kirke (Snake:2)
  A nagaraja (Snake:4)
  2 ghost moths (Vaults:1)
  2 vault wardens
  An ironbound thunderhulk (Vaults:3)
  2 very ugly things (Vaults:1)
  4 ironbound preservers
  2 dire elephants (Vaults:1)
  An ettin (Vaults:5)
  A yaktaur captain (Vaults:5)
  2 vault guards
  2 naga warriors (Snake:4)
  A hydra (Swamp:4)
  2 anacondas (Vaults:1)
  An alligator (Swamp:3)
  A death knight (D:11)
  A naga sharpshooter (Snake:3)
  2 slime creatures (Vaults:1)
  2 skeletal warriors (D:11)
  10 deep trolls
  2 naga ritualists (Snake:4)
  A swamp dragon (Swamp:4)
  3 wizards
  4 harpies
  3 ironbound convokers
  3 orc knights (Vaults:2)
  5 ugly things (Vaults:1)
  A cyclops (shapeshifter) (Vaults:5)
  A frost giant zombie (Vaults:4)
  2 salamanders (Snake:3)
  A guardian serpent (Snake:3)
  An eye of devastation (Vaults:1)
  3 naga magi
  3 yaktaurs
  A troll (Vaults:2)
  A hornet (Swamp:4)
  2 hogs (Snake:2)
  A naga (Snake:3)
  4 orc warriors
  A swamp drake (Swamp:4)
  An ogre (D:15)
  A centaur (D:15)
  An orc priest (Vaults:2)
  3 orcs
90 creatures vanquished.

Vanquished Creatures (others)
  A quicksilver dragon (Vaults:5)
  A hydra (Swamp:4)
  2 swamp dragons (Swamp:4)
  A bloated husk (Swamp:3)
  A hornet (Swamp:2)
  A swamp worm (Swamp:2)
  A swamp drake (Swamp:4)
  A bush (Lair:6)
  108 fungi
  159 plants
  6 starspawn tentacles (Abyss:4)
282 creatures vanquished.

Grand Total: 1715 creatures vanquished

Notes
Turn   | Place    | Note
-------+----------+-------------------------------------------
     0 | D:1      | bearlyready the Gnoll Air Elementalist began the quest for
                  | the Orb.
     0 | D:1      | Reached XP level 1. HP: 13/13 MP: 6/6
   147 | D:1      | Reached XP level 2. HP: 19/19 MP: 3/7
   704 | D:1      | Found Qudyqag's Assorted Antiques.
  1285 | D:2      | Reached XP level 3. HP: 25/25 MP: 7/9
  1301 | D:2      | Reached skill level 5 in Spellcasting
  1468 | D:2      | Noticed Natasha
  1498 | D:2      | Learned a level 3 spell: Swiftness
  1519 | D:2      | Killed Natasha
  1520 | D:2      | Reached skill level 1 in Fighting
  1520 | D:2      | Reached skill level 1 in Short Blades
  1520 | D:2      | Reached skill level 1 in Long Blades
  1520 | D:2      | Reached skill level 1 in Axes
  1520 | D:2      | Reached skill level 1 in Maces & Flails
  1520 | D:2      | Reached skill level 1 in Polearms
  1520 | D:2      | Reached skill level 1 in Staves
  1520 | D:2      | Reached skill level 1 in Slings
  1520 | D:2      | Reached skill level 1 in Bows
  1520 | D:2      | Reached skill level 1 in Crossbows
  1520 | D:2      | Reached skill level 1 in Throwing
  1520 | D:2      | Reached skill level 1 in Armour
  1520 | D:2      | Reached skill level 1 in Shields
  1520 | D:2      | Reached skill level 1 in Unarmed Combat
  1520 | D:2      | Reached skill level 1 in Invocations
  1520 | D:2      | Reached skill level 1 in Evocations
  1663 | D:2      | Reached XP level 4. HP: 32/32 MP: 6/11
  1896 | D:2      | Found a faded altar of an unknown god.
  1896 | D:2      | Noticed Natasha
  1899 | D:2      | Killed Natasha
  1900 | D:2      | Reached skill level 1 in Hexes
  1900 | D:2      | Reached skill level 1 in Summonings
  1900 | D:2      | Reached skill level 1 in Necromancy
  1900 | D:2      | Reached skill level 1 in Translocations
  1900 | D:2      | Reached skill level 1 in Transmutations
  1900 | D:2      | Reached skill level 1 in Fire Magic
  1900 | D:2      | Reached skill level 1 in Ice Magic
  1900 | D:2      | Reached skill level 1 in Earth Magic
  1900 | D:2      | Reached skill level 1 in Poison Magic
  1985 | D:2      | Reached XP level 5. HP: 35/37 MP: 12/12
  2066 | D:2      | Noticed Natasha
  2074 | D:2      | Killed Natasha
  2336 | D:3      | Found Taruod's Jewellery Boutique.
  2399 | D:3      | Noticed an ice beast
  2937 | D:3      | Killed an ice beast
  2938 | D:3      | Reached XP level 6. HP: 44/44 MP: 5/14
  3000 | D:3      | Noticed a sky beast
  3018 | D:3      | Reached skill level 5 in Dodging
  3644 | D:4      | Reached XP level 7. HP: 34/50 MP: 15/15
  4525 | D:5      | Entered Level 5 of the Dungeon
  5181 | D:5      | Reached skill level 5 in Stealth
  5395 | D:5      | Found a glowing golden altar of the Shining One.
  5917 | D:3      | Found a transporter.
  5922 | D:3      | Noticed hgbash's ghost (amateur PaMo)
  5923 | D:3      | Found a transporter.
  5987 | D:3      | Reached XP level 8. HP: 39/57 MP: 8/16
  6691 | D:6      | Noticed Eustachio
  6701 | D:6      | Killed Eustachio
  6703 | D:6      | Found a staircase to the Ecumenical Temple.
  6722 | Temple   | Entered the Ecumenical Temple
  6839 | Temple   | Became a worshipper of Cheibriados the Contemplative
  7324 | D:6      | Found a runed translucent door.
  7327 | D:6      | Found a basalt altar of Yredelemnul.
  7448 | D:6      | Noticed Sigmund
  7459 | D:6      | Killed Sigmund
  7711 | D:6      | You fall into a shaft and drop 3 floors!
  7713 | D:9      | Noticed a two-headed ogre
  7795 | D:9      | Noticed Maggie
  7951 | D:9      | Learned a level 2 spell: Blink
  7956 | D:9      | Learned a level 4 spell: Airstrike
  8071 | D:8      | Reached XP level 9. HP: 32/65 MP: 15/18
  8260 | D:8      | Found a blossoming altar of Fedhas.
  8307 | D:8      | Reached * piety under Cheibriados
  9475 | D:7      | Reached ** piety under Cheibriados
  9832 | D:7      | Learned a level 1 spell: Apportation
  9836 | D:7      | Learned a level 1 spell: Animate Skeleton
  9862 | D:7      | Reached skill level 5 in Invocations
 10378 | D:7      | Found a hazy altar of Hepliaklqana.
 10381 | D:7      | Found a shadowy altar of Dithmenos.
 11143 | D:6      | Noticed Grinder
 11148 | D:6      | Killed Grinder
 11673 | D:8      | Reached XP level 10. HP: 34/73 MP: 16/20
 11695 | D:8      | Reached skill level 5 in Fighting
 11695 | D:8      | Reached skill level 5 in Short Blades
 11695 | D:8      | Reached skill level 5 in Long Blades
 11695 | D:8      | Reached skill level 5 in Axes
 11695 | D:8      | Reached skill level 5 in Maces & Flails
 11695 | D:8      | Reached skill level 5 in Polearms
 11695 | D:8      | Reached skill level 5 in Staves
 11695 | D:8      | Reached skill level 5 in Slings
 11695 | D:8      | Reached skill level 5 in Bows
 11695 | D:8      | Reached skill level 5 in Crossbows
 11695 | D:8      | Reached skill level 5 in Throwing
 11695 | D:8      | Reached skill level 5 in Armour
 11695 | D:8      | Reached skill level 5 in Shields
 11695 | D:8      | Reached skill level 5 in Unarmed Combat
 11695 | D:8      | Reached skill level 5 in Evocations
 12325 | D:8      | Found a radiant altar of Vehumet.
 12616 | D:8      | Found a broken altar of Ashenzari.
 12632 | D:8      | Found an iron altar of Okawaru.
 12890 | D:9      | Reached *** piety under Cheibriados
 12976 | D:9      | Killed Maggie
 13472 | D:9      | Noticed a two-headed ogre
 13477 | D:9      | Killed a two-headed ogre
 13478 | D:9      | Reached skill level 5 in Conjurations
 13861 | D:9      | Noticed Prince Ribbit
 13879 | D:9      | Killed Prince Ribbit
 14015 | D:9      | Killed a two-headed ogre
 14109 | D:9      | Reached XP level 11. HP: 81/81 MP: 14/22
 14281 | D:10     | Entered Level 10 of the Dungeon
 14979 | D:10     | Reached skill level 5 in Hexes
 14979 | D:10     | Reached skill level 5 in Summonings
 14979 | D:10     | Reached skill level 5 in Necromancy
 14979 | D:10     | Reached skill level 5 in Translocations
 14979 | D:10     | Reached skill level 5 in Transmutations
 14979 | D:10     | Reached skill level 5 in Fire Magic
 14979 | D:10     | Reached skill level 5 in Ice Magic
 14979 | D:10     | Reached skill level 5 in Earth Magic
 14979 | D:10     | Reached skill level 5 in Poison Magic
 15279 | D:10     | Noticed Maurice
 15310 | D:10     | Killed Maurice
 15670 | D:11     | Reached **** piety under Cheibriados
 15953 | D:11     | Found a staircase to the Lair.
 15955 | D:11     | Noticed a cyclops
 15973 | D:11     | Killed a cyclops
 16340 | D:11     | Identified the +3 hand axe of Femag {pain, SInv}
 16442 | D:11     | Noticed a skeletal warrior
 16442 | D:11     | Noticed a phantasmal warrior
 16443 | D:11     | Noticed a death knight
 16447 | D:11     | Noticed a two-headed ogre
 16470 | D:11     | Killed a two-headed ogre
 16515 | D:12     | Noticed a white ugly thing
 16523 | D:12     | Killed a white ugly thing
 16579 | Lair:1   | Entered Level 1 of the Lair of Beasts
 16898 | D:11     | Noticed a manticore
 17451 | Lair:1   | Noticed Sonja
 17848 | Lair:1   | Reached XP level 12. HP: 65/89 MP: 24/24
 17943 | Lair:1   | Identified the +1 chain mail of Curiosity {rElec rF- Str-3
                  | Dex+8}
 19052 | Lair:1   | Killed Sonja
 19378 | Lair:2   | Reached ***** piety under Cheibriados
 20188 | Lair:2   | Found a staircase to the Swamp.
 20327 | Lair:2   | Noticed a five-headed hydra
 20332 | Lair:2   | Killed a five-headed hydra
 21396 | Lair:3   | Reached XP level 13. HP: 96/98 MP: 26/26
 21823 | Lair:3   | Noticed an ice dragon
 21831 | Lair:3   | Found a runed translucent gate.
 21831 | Lair:3   | Found a runed translucent gate.
 21831 | Lair:3   | Found a runed translucent gate.
 22684 | Lair:3   | Noticed Cylichiu's ghost (journeyman PaFi)
 22842 | Lair:3   | Found the +27 Lear's hauberk
 24056 | Lair:4   | Identified a scroll of acquirement
 24056 | Lair:4   | Acquired the +3 pair of gauntlets of War {Slay+5}
 24056 | Lair:4   | Found the +3 pair of gauntlets of War {Slay+5}
 24248 | Lair:4   | Found a staircase to the Snake Pit.
 24249 | Lair:4   | Identified the +0 quarterstaff of Courage {flame, Str-4
                  | Dex+7}
 24284 | Lair:4   | Reached skill level 10 in Spellcasting
 25240 | Lair:5   | Reached skill level 10 in Dodging
 25240 | Lair:5   | Reached XP level 14. HP: 106/106 MP: 28/28
 25251 | Lair:5   | Found a staircase to the Slime Pits.
 25252 | Lair:5   | Found a viscous altar of Jiyva.
 25264 | Lair:5   | Got the Papyrus of Arcane Weapons and Summoning
 25270 | Lair:5   | Identified the +4 shortbow "Xiefra" {flame, Str+4 Stlth+}
 25951 | Lair:6   | Entered Level 6 of the Lair of Beasts
 26024 | Lair:6   | Reached ****** piety under Cheibriados
 26039 | Lair:6   | Reached skill level 10 in Stealth
 26678 | Lair:6   | Reached skill level 10 in Invocations
 27747 | Lair:6   | Found a burning altar of Makhleb.
 28391 | Lair:6   | Found a gateway to Hell.
 28391 | Lair:6   | Found the +9 heavy crossbow "Sniper" {vorpal, Acc+∞ SInv}
 28934 | D:11     | Found a portal to a secret trove of treasure.
 29779 | D:12     | Reached XP level 15. HP: 54/115 MP: 9/29
 30122 | D:12     | Found a staircase to the Orcish Mines.
 30611 | Orc:1    | Entered Level 1 of the Orcish Mines
 30662 | D:12     | Reached skill level 10 in Air Magic
 30813 | Orc:1    | Paralysed by an orc sorcerer for 5 turns
 31372 | Orc:2    | Entered Level 2 of the Orcish Mines
 31400 | Orc:1    | Reached skill level 10 in Fighting
 31400 | Orc:1    | Reached skill level 10 in Short Blades
 31400 | Orc:1    | Reached skill level 10 in Long Blades
 31400 | Orc:1    | Reached skill level 10 in Axes
 31400 | Orc:1    | Reached skill level 10 in Maces & Flails
 31400 | Orc:1    | Reached skill level 10 in Polearms
 31400 | Orc:1    | Reached skill level 10 in Staves
 31400 | Orc:1    | Reached skill level 10 in Slings
 31400 | Orc:1    | Reached skill level 10 in Bows
 31400 | Orc:1    | Reached skill level 10 in Crossbows
 31400 | Orc:1    | Reached skill level 10 in Throwing
 31400 | Orc:1    | Reached skill level 10 in Armour
 31400 | Orc:1    | Reached skill level 10 in Shields
 31400 | Orc:1    | Reached skill level 10 in Unarmed Combat
 31400 | Orc:1    | Reached skill level 10 in Evocations
 32003 | Orc:2    | Found a staircase to the Elven Halls.
 32448 | Orc:2    | Found Umaruq's Distillery.
 32448 | Orc:2    | Found Tikk's Antique Weapon Emporium.
 32448 | Orc:2    | Found Jehue's Armour Shoppe.
 32584 | Orc:2    | Found Denir's Jewellery Boutique.
 32639 | Orc:2    | Bought a potion of magic for 104 gold pieces
 32639 | Orc:2    | Bought a potion of mutation for 104 gold pieces
 32647 | Orc:2    | Bought the ring "Luityxt" {Fly rElec rPois rN+ Dex-2} for
                  | 505 gold pieces
 33861 | D:14     | Found a radiant altar of Vehumet.
 33986 | D:14     | Cast into level 2 of the Abyss (a wizard)
 34089 | Abyss:2  | Found a corrupted altar of Lugonu.
 34405 | Abyss:2  | Found a corrupted altar of Lugonu.
 35436 | Abyss:4  | Noticed a tentacled starspawn
 35450 | Abyss:4  | Killed a tentacled starspawn
 35669 | D:14     | Escaped the Abyss
 35757 | D:14     | Reached XP level 16. HP: 123/123 MP: 31/31
 35769 | D:14     | Found a gate to the Vaults.
 36142 | D:14     | Found a runed translucent gate.
 36289 | Swamp:1  | Entered Level 1 of the Swamp
 36598 | Swamp:1  | Noticed Mlioglotl
 36598 | Swamp:1  | Noticed Louise
 36724 | Swamp:1  | Killed Mlioglotl
 36994 | Swamp:1  | Killed Louise
 37081 | Swamp:1  | Noticed Nikola
 37091 | Swamp:1  | Killed Nikola
 38745 | Swamp:3  | Found a transporter.
 38746 | Swamp:3  | Found a bloodstained altar of Trog.
 38753 | Swamp:3  | Found a transporter.
 38829 | Swamp:3  | Noticed Urghud's ghost (journeyman MiBe)
 39411 | Swamp:2  | Noticed a fenstrider witch
 39417 | Swamp:2  | Paralysed by a fenstrider witch for 5 turns
 39425 | Swamp:2  | Killed a fenstrider witch
 40433 | Swamp:2  | Reached XP level 17. HP: 117/131 MP: 19/33
 40820 | Swamp:4  | Entered Level 4 of the Swamp
 40831 | Swamp:4  | Identified the +2 cloak of the Swamp {rF+}
 41244 | Swamp:4  | Noticed a tentacled monstrosity
 41259 | Swamp:4  | Killed a tentacled monstrosity
 41274 | Swamp:4  | Reached skill level 10 in Conjurations
 42140 | Swamp:4  | Learned a level 3 spell: Frozen Ramparts
 42146 | Swamp:4  | Learned a level 5 spell: Borgnjor's Vile Clutch
 42153 | Swamp:4  | Learned a level 6 spell: Death Channel
 42505 | Swamp:4  | Found a runed translucent door.
 42506 | Swamp:4  | Noticed Fuubb's ghost (adept OpMo)
 42676 | Swamp:4  | Got a decaying rune of Zot
 42798 | Swamp:4  | Killed Fuubb's ghost
 42894 | Swamp:3  | Killed Urghud's ghost
 43152 | Snake:1  | Entered Level 1 of the Snake Pit
 43197 | Snake:1  | Reached skill level 10 in Hexes
 43197 | Snake:1  | Reached skill level 10 in Summonings
 43197 | Snake:1  | Reached skill level 10 in Necromancy
 43197 | Snake:1  | Reached skill level 10 in Translocations
 43197 | Snake:1  | Reached skill level 10 in Transmutations
 43197 | Snake:1  | Reached skill level 10 in Fire Magic
 43197 | Snake:1  | Reached skill level 10 in Ice Magic
 43197 | Snake:1  | Reached skill level 10 in Earth Magic
 43197 | Snake:1  | Reached skill level 10 in Poison Magic
 44229 | Snake:1  | Found Zoqyxtet's Book Emporium.
 45838 | Snake:2  | Reached XP level 18. HP: 125/140 MP: 29/35
 46098 | Snake:2  | Noticed Kirke
 46116 | Snake:2  | Killed Kirke
 46336 | Snake:2  | Found Hynia's Weapon Emporium.
 46336 | Snake:2  | Found Optaps's Armour Shoppe.
 46344 | Snake:2  | Bought the +10 hand crossbow "Backscratcher" {elec, rC+
                  | Str+4} for 1135 gold pieces
 46556 | Snake:3  | Found Darav's CLEARANCE SALE!.
 47704 | Snake:4  | Entered Level 4 of the Snake Pit
 49250 | Snake:4  | Got a serpentine rune of Zot
 50181 | D:3      | Killed hgbash's ghost
 50591 | D:14     | Reached XP level 19. HP: 133/148 MP: 36/36
 50819 | D:14     | Found a runed translucent gate.
 50819 | D:14     | Found a runed translucent gate.
 51041 | D:14     | Noticed Jeschemp's ghost (journeyman MiBe)
 51047 | D:15     | Entered Level 15 of the Dungeon
 51575 | D:15     | Found a broken altar of Ashenzari.
 51634 | D:15     | Found a staircase to the Depths.
 52372 | D:15     | Identified the +1 ring mail of Greed {rC+ Str+3 Dex+4}
 52494 | Vaults:1 | Entered Level 1 of the Vaults
 52624 | Vaults:1 | Identified the +2 rapier of Overwhelming Force {vorpal,
                  | Str+3}
 53244 | Vaults:1 | Found Erocavoa's Antique Weapon Boutique.
 54507 | Vaults:2 | Reached XP level 20. HP: 118/157 MP: 31/38
 54736 | Vaults:2 | Found Ciuczafu's Antique Weapon Emporium.
 57051 | Vaults:3 | Reached skill level 15 in Invocations
 57309 | Vaults:3 | Found a staircase to the Crypt.
 59409 | Vaults:4 | Reached XP level 21. HP: 165/165 MP: 39/39
 59445 | Vaults:4 | Reached skill level 15 in Spellcasting
 59685 | Vaults:4 | Found Otaeta's Book Shop.
 60762 | Vaults:4 | Reached skill level 15 in Dodging
 61329 | Vaults:5 | Entered Level 5 of the Vaults
 61346 | Vaults:4 | Learned a level 6 spell: Starburst
 61383 | Vaults:5 | Reached skill level 15 in Stealth
 61933 | Vaults:5 | Identified the ring "Fumejau" {rPois rF+ rN+ Str+6 Int-3}
 62887 | Vaults:5 | Identified the +4 whip of Dust {spect, rElec rF+ Str-3}
 62894 | Vaults:5 | HP: 8/166 [stone giant/large rock (23)]
 62913 | Vaults:5 | HP: 2/166 [vault warden (28)]
 62914 | Vaults:5 | Mangled by a vault warden

Illustrated notes

Levels and vault maps discovered:
D:1:      lightli_arrival_noodles, layout_basic, serial_shops,
          nicolae_shop_trees, minmay_split_cup_small
D:2:      layout_loops_ring, basic_ecumenical_altar, minmay_close_crescents,
          uniq_natasha
D:3:      layout_loops_ring, serial_shops, shop, gammafunk_ghost_mausoleum,
          serial_bayou_pond_e
D:4:      layout_layer_cave
D:5:      layout_loops_cross, marbit_many_paths
D:6:      layout_layer_cave, dk_yredelemnul_ordeal, minmay_temple_entry_mist,
          hangedman_glass_teeth, uniq_eustachio, uniq_grinder, uniq_sigmund
D:7:      layout_layer_cave, riverfiend_overflow_shadow_ancestor
D:8:      layout_cave_pods, nicolae_overflow_hidden_temple,
          minmay_misc_feat_square, chequers_avenue
D:9:      layout_irregular_city, st_stairs_2, uniq_prince_ribbit1, uniq_maggie
D:10:     layout_basic, uniq_maurice
D:11:     layout_stronghold, due_lair_maze_entry_diamond,
          nicolae_trove_entry_diagonal, roderic_three_in_a_row
D:12:     layout_rooms, zombieorc2_lemuel
D:13:     layout_loops_ring
D:14:     layout_rooms, erik_vaults_1, gauntlet_entry_generic,
          nicolae_vehumet_radiance, gammafunk_ghost_necromancy
D:15:     grunt_enter_depths_snipers, layout_gridville,
          cheibrodos_ashenzari_chains, chequers_serial_rivers_room_b, kb_rosetta
Temple:   cyrus_circular_temple
Lair:1:   layout_loops_ring, lemuel_fruit_fields, lemuel_fruit_tree,
          grunt_megastairs_3, serial_bayou_shore_b, uniq_sonja
Lair:2:   layout_layer_cave, minmay_swamp_entry_reptiles, pond
Lair:3:   layout_gridlike, gammafunk_ghost_icy, chequers_serial_rivers_micro_b
Lair:4:   layout_loops_ring, guppyfry_snake_entry_island, wad_woods_road_02,
          infiniplex_staircase_pool
Lair:5:   layout_loops_ring, slime_altar_1, st_stairs_3
Lair:6:   evil_forest, layout_gridlike, disabler_island, lemuel_fruit_fields
Swamp:1:  nicolae_swamp_ascending_descending_big, layout_falls_marsh,
          evilmike_swamp_ruin_house_2, uniq_mlioglotl, uniq_nikola, uniq_louise
Swamp:2:  layout_falls_marsh, evilmike_swamp_ruin_house_6, swamp_pool1
Swamp:3:  layout_basic_swamp, gammafunk_ghost_wrathful_warriors,
          evilmike_swamp_ruin_house_3, st_swamp_mini
Swamp:4:  swamp, layout_basic_swamp, ebering_ghost_reflecting_pool
Snake:1:  layout_chambers, serial_shops, nicolae_square_shop
Snake:2:  layout_cave_town, serial_bayou_shore_b, minmay_shoptagon, uniq_kirke
Snake:3:  layout_onion, nicolae_shop_clearance
Snake:4:  snake_pit, layout_rooms, serial_curves, eino_curves_03,
          eino_curves_04, eino_curves_04,
          nicolae_snake_yet_another_twisty_hallway, grunt_ministairs_11
Orc:1:    layout_diamond_mine
Orc:2:    st_orc_rangers, layout_caves
Vaults:1: nicolae_vaults_little_squares_6, v_misc_30, v_misc_15,
          v_alt_pattern_3, nicolae_vaults_yaktaur_gun_rack, v_rooms_1,
          vaults_dpeg_doors, vaults_mumra_hexcomb, vaults_room_door_hall,
          nicolae_vaults_diagonal_hallway_9, vaults_room_pools,
          vaults_room_hallway, ontoclasm_vaults_ligature,
          layout_vaults_omnicross, serial_shops, shop_fountains
Vaults:2: nicolae_vaults_little_squares_6, grunt_vaults_funnel,
          special_room_vaults [special_room_orc], nicolae_vaults_asterisk,
          nicolae_vaults_sealed_display, vaults_room_hallway,
          nicolae_vaults_little_squares_4, layout_vaults_omnigrid, serial_shops,
          nicolae_shop_advertising_works [nicolae_subvault_shop_adworks]
Vaults:3: nicolae_vaults_hallways_thing, ontoclasm_vaults_eye, v_alt_pattern_2,
          vaults_room_door_hall, vaults_dpeg_hooks,
          nicolae_vaults_little_squares_6, minmay_crypt_entry_simple_walls,
          nicolae_vaults_little_squares_2, nicolae_vaults_big_ls, v_misc_10,
          v_misc_32, st_more_cells, ontoclasm_vaults_pinch, layout_vaults_ring
Vaults:4: v_misc_1, v_alt_pattern_1, hangedman_vaults_unwind, v_misc_27,
          vaults_room_door_ring, nicolae_vaults_statue_guard,
          nicolae_vaults_shelves_hall, vaults_room_mumra_shop_pool, v_misc_1,
          layout_vaults_big_room
Vaults:5: serial_shops

Skill      XL: |  1  2  3  4  5  6  7  8  9 10 11 12 13 14 15 16 17 18 19 20 21 |
---------------+----------------------------------------------------------------+-----
Conjurations   | 2 3 4 5 6 7 8 9 10 11 12 | 12.7
Spellcasting   | 5 6 7 8 9 10 11 12 13 14 15 | 15.4
Fighting       | 1 2 3 4 5 6 7 8 9 10 11 12 13 14 | 14.7
Short Blades   | 1 2 3 4 5 6 7 8 9 10 11 12 13 14 | 14.7
Long Blades    | 1 2 3 4 5 6 7 8 9 10 11 12 13 14 | 14.7
Axes           | 1 2 3 4 5 6 7 8 9 10 11 12 13 14 | 14.7
Maces & Flails | 1 2 3 4 5 6 7 8 9 10 11 12 13 14 | 14.7
Polearms       | 1 2 3 4 5 6 7 8 9 10 11 12 13 14 | 14.7
Staves         | 1 2 3 4 5 6 7 8 9 10 11 12 13 14 | 14.7
Slings         | 1 2 3 4 5 6 7 8 9 10 11 12 13 14 | 14.7
Bows           | 1 2 3 4 5 6 7 8 9 10 11 12 13 14 | 14.7
Crossbows      | 1 2 3 4 5 6 7 8 9 10 11 12 13 14 | 14.7
Throwing       | 1 2 3 4 5 6 7 8 9 10 11 12 13 14 | 14.7
Armour         | 1 2 3 4 5 6 7 8 9 10 11 12 13 14 | 14.7
Shields        | 1 2 3 4 5 6 7 8 9 10 11 12 13 14 | 14.7
Unarmed Combat | 1 2 3 4 5 6 7 8 9 10 11 12 13 14 | 14.7
Invocations    | 1 2 3 4 5 6 7 8 9 10 11 12 13 14 15 | 15.9
Evocations     | 1 2 3 4 5 6 7 8 9 10 11 12 13 14 | 14.7
Hexes          | 1 2 3 4 5 6 7 8 9 10 11 12 | 12.5
Summonings     | 1 2 3 4 5 6 7 8 9 10 11 12 | 12.5
Necromancy     | 1 2 3 4 5 6 7 8 9 10 11 12 | 12.5
Translocations | 1 2 3 4 5 6 7 8 9 10 11 12 | 12.5
Transmutations | 1 2 3 4 5 6 7 8 9 10 11 12 | 12.5
Fire Magic     | 1 2 3 4 5 6 7 8 9 10 11 12 | 12.5
Ice Magic      | 1 2 3 4 5 6 7 8 9 10 11 12 | 12.5
Earth Magic    | 1 2 3 4 5 6 7 8 9 10 11 12 | 12.5
Poison Magic   | 1 2 3 4 5 6 7 8 9 10 11 12 | 12.5
Dodging        | 5 6 7 8 9 10 11 12 13 14 15 | 15.3
Stealth        | 5 6 7 8 9 10 11 12 13 14 15 | 15.2
Air Magic      | 6 7 8 9 10 11 12 13 | 13.5

Action                   |  1- 3 |  4- 6 |  7- 9 | 10-12 | 13-15 | 16-18 | 19-21 || total
-------------------------+-------+-------+-------+-------+-------+-------+-------++-------
Melee: Unarmed           |     5 |       |       |     9 |       |       |       ||    14
       Dagger            |     6 |    74 |   106 |    68 |       |       |       ||   254
       Bite              |       |     6 |    14 |    88 |   293 |   144 |   239 ||   784
       Rapier            |       |       |   114 |   324 |  1092 |       |       ||  1530
       Demon trident     |       |       |       |       |    75 |   847 |   978 ||  1900
       Punch             |       |       |       |       |     1 |       |       ||     1
 Fire: Hand crossbow     |       |       |       |       |       |   124 |    32 ||   156
Throw: Dart              |       |       |       |     2 |       |     1 |       ||     3
       Boomerang         |       |       |       |       |     2 |    10 |       ||    12
       Throwing net      |       |       |       |       |     2 |       |     1 ||     3
       Javelin           |       |       |       |       |       |     2 |       ||     2
 Cast: Shock             |    49 |    73 |    95 |    28 |       |       |       ||   245
       Airstrike         |       |       |    19 |   162 |   179 |   160 |     6 ||   526
       Blink             |       |       |     2 |     1 |     3 |     2 |       ||     8
       Animate Skeleton  |       |       |       |       |       |     1 |       ||     1
       Borgnjor's Vile C |       |       |       |       |       |    44 |    59 ||   103
       Frozen Ramparts   |       |       |       |       |       |    14 |    28 ||    42
       Death Channel     |       |       |       |       |       |     7 |    31 ||    38
       Starburst         |       |       |       |       |       |       |     5 ||     5
Invok: Slouch            |       |       |       |     3 |    12 |     9 |    11 ||    35
       Step From Time    |       |       |       |       |     1 |       |     3 ||     4
Evoke: Wand              |       |       |     3 |    10 |    13 |    26 |     5 ||    57
       Box of beasts     |       |       |       |       |     3 |     6 |     5 ||    14
       Phial of floods   |       |       |       |       |       |       |     3 ||     3
  Use: Scroll            |       |       |    10 |     4 |    16 |     9 |    10 ||    49
       Potion            |       |       |     4 |     4 |     8 |     5 |     7 ||    28
 Stab: Sleeping          |     1 |     2 |     8 |     2 |    33 |    32 |    31 ||   109
       Distracted        |       |       |     1 |     1 |    15 |    16 |    13 ||    46
       Paralysed         |       |       |       |     2 |       |     1 |       ||     3
       Fleeing           |       |       |       |     1 |       |       |       ||     1
       Invisible         |       |       |       |       |       |     4 |       ||     4
Armor: Robe              |     6 |     9 |    57 |     6 |       |       |       ||    78
       Steam dragon scal |       |       |       |    86 |   243 |       |       ||   329
       Acid dragon scale |       |       |       |       |    35 |   210 |    23 ||   268
       Ring mail         |       |       |       |       |       |       |   108 ||   108
Dodge: Dodged            |    10 |    62 |   169 |   292 |  1406 |   813 |   962 ||  3714
Block: Buckler           |     1 |    11 |    71 |   125 |   639 |   398 |   501 ||  1746

Table legend: (Time is in decaauts)
 A = Elapsed time spent in this place.
 B = Non-inter-level travel time spent in this place.
 C = Inter-level travel time spent in this place.
 D = Time resting spent in this place.
 E = Time spent auto-exploring this place.
 F = Levels seen in this place.
 G = Mean time per level.
                   A        B        C        D        E       F      G
               +--------+--------+--------+--------+--------+-----+--------+
         Total |  82452 |  77646 |   4806 |   8037 |  56330 |  40 | 2061.3 |
       Dungeon |  28993 |  26667 |   2326 |   1792 |  20510 |  15 | 1932.9 |
        Temple |    310 |    298 |     12 |    167 |     88 |   1 |  310.0 |
          Lair |  16131 |  14986 |   1145 |   1067 |  11242 |   6 | 2688.5 |
         Swamp |   8592 |   8212 |    380 |   1893 |   4936 |   4 | 2148.0 |
     Snake Pit |   9652 |   9275 |    377 |    286 |   7477 |   4 | 2413.0 |
  Orcish Mines |   2835 |   2720 |    115 |    516 |   1492 |   2 | 1417.5 |
        Vaults |  13817 |  13369 |    448 |   2126 |   9158 |   5 | 2763.4 |
         Abyss |   2118 |   2118 |      0 |    188 |   1425 |   3 |  706.0 |
               +--------+--------+--------+--------+--------+-----+--------+

Top non-repeatable levels by time:
Vaults:4: 4235 daAuts
Vaults:3: 4101 daAuts
 Swamp:3: 3789 daAuts
    D:11: 3369 daAuts
  Lair:6: 3325 daAuts
  Lair:3: 2986 daAuts
 Snake:1: 2965 daAuts
  Lair:2: 2873 daAuts
  Lair:1: 2792 daAuts
     D:8: 2740 daAuts
     D:7: 2733 daAuts
Vaults:1: 2729 daAuts
 Snake:4: 2669 daAuts
Vaults:2: 2644 daAuts
  Lair:4: 2604 daAuts
